Workbook

Sheet Orçamento Sintético
D1: Obra | E1: Bancos | K1: B.D.I. | N1: Encargos Sociais
D2: ESPAÇO PARA FEIRAS E FOOD TRUCKS | E2: SINAPI - 08/2024 - RS EMOP - 08/2024 - RJ | K2: 0.2071 | N2: Não Desonerado: 69,79%
A3: Planilha Orçamentária
A4: Item | B4: Código | C4: Banco | D4: Descrição | E4: Und | F4: Quant. | G4: Valor Unit | H4: Valor Unit | K4: Valor Unit com BDI | N4: Total | Q4: Peso (%)
H5: M. O. | I5: MAT. | J5: Total | K5: M. O. | L5: MAT. | M5: Total | N5: M. O. | O5: MAT. | P5: Total
A6: 1 | D6: SERVIÇOS INICIAIS | P6: =P7 -> 7439.57 | Q6: 0.005399457 | S6: =P6+P46+P52+P133 -> 253595.51 | T6: =S6/P149 -> 0.1840536
A7: 1.1 | D7: MOBILIZAÇÃO E CANTEIRO | P7: =TRUNC(P8+P9+P10,2) -> 7439.57 | Q7: 0.005399457
A8: 1.1.1 | B8: COMP_1 | C8: Próprio | D8: PLACA DE OBRA EM CHAPA DE AÇO GALVANIZADO | E8: m² | F8: 3 | G8: 511.79 | H8: 57.38 | I8: 454.41 | J8: 511.79 | K8: =TRUNC(H8*(1+$K$2),4) -> 69.2633 | L8: =TRUNC(I8*(1+$K$2),4) -> 548.5183 | M8: =L8+K8 -> 617.7816 | N8: =ROUND(K8*F8,4) -> 207.7899 | O8: =ROUND(L8*F8,4) -> 1645.5549 | P8: =IFERROR(IF(M8*F8<>0,ROUND(ROUND(M8,4)*ROUND(F8,4),4),""),"") -> 1853.3448 | Q8: 0.0013451115
A9: 1.1.2 | B9: 00010775 | C9: SINAPI | D9: LOCACAO DE CONTAINER 2,30 X 6,00 M, ALT. 2,50 M, COM 1 SANITARIO, PARA ESCRITORIO, COMPLETO, SEM DIVISORIAS INTERNAS (NAO INCLUI MOBILIZACAO/DESMOBILIZACAO) | E9: MES | F9: 3 | G9: 1000 | H9: 0 | I9: 1000 | J9: 1000 | K9: =TRUNC(H9*(1+$K$2),4) -> 0 | L9: =TRUNC(I9*(1+$K$2),4) -> 1207.1 | M9: =L9+K9 -> 1207.1 | N9: =ROUND(K9*F9,4) -> 0 | O9: =ROUND(L9*F9,4) -> 3621.3 | P9: =IFERROR(IF(M9*F9<>0,ROUND(ROUND(M9,4)*ROUND(F9,4),4),""),"") -> 3621.3 | Q9: 0.0026282489
A10: 1.1.3 | B10: COMP_2 | C10: Próprio | D10: INSTALAÇÃO PROVISÓRIA AGUA-RESERVAT.C/REDE ALIMENTAÇÃO | E10: UN | F10: 1 | G10: 1627.81 | H10: 340.72 | I10: 1287.09 | J10: 1627.81 | K10: =TRUNC(H10*(1+$K$2),4) -> 411.2831 | L10: =TRUNC(I10*(1+$K$2),4) -> 1553.6463 | M10: =L10+K10 -> 1964.9294 | N10: =ROUND(K10*F10,4) -> 411.2831 | O10: =ROUND(L10*F10,4) -> 1553.6463 | P10: =IFERROR(IF(M10*F10<>0,ROUND(ROUND(M10,4)*ROUND(F10,4),4),""),"") -> 1964.9294 | Q10: 0.0014260966
A11: 2 | D11: ADMINISTRAÇÃO DA OBRA | P11: =ROUND(P12+P13,2) -> 61621.33 | Q11: 0.04472323
A12: 2.1 | B12: 90778 | C12: SINAPI | D12: ENGENHEIRO CIVIL DE OBRA PLENO COM ENCARGOS COMPLEMENTARES | E12: H | F12: 135 | G12: 126.58 | H12: 124.45 | I12: 2.13 | J12: 126.58 | K12: =TRUNC(H12*(1+$K$2),4) -> 150.2235 | L12: =TRUNC(I12*(1+$K$2),4) -> 2.5711 | M12: =L12+K12 -> 152.7946 | N12: =ROUND(K12*F12,4) -> 20280.173 | O12: =ROUND(L12*F12,4) -> 347.0985 | P12: =IFERROR(IF(M12*F12<>0,ROUND(ROUND(M12,4)*ROUND(F12,4),4),""),"") -> 20627.271 | Q12: 0.014970769
A13: 2.2 | B13: 93572 | C13: SINAPI | D13: ENCARREGADO GERAL DE OBRAS COM ENCARGOS COMPLEMENTARES | E13: MES | F13: 3 | G13: 11320.26 | H13: 10805.98 | I13: 514.28 | J13: 11320.26 | K13: =TRUNC(H13*(1+$K$2),4) -> 13043.898 | L13: =TRUNC(I13*(1+$K$2),4) -> 620.7873 | M13: =L13+K13 -> 13664.686 | N13: =ROUND(K13*F13,4) -> 39131.695 | O13: =ROUND(L13*F13,4) -> 1862.3619 | P13: =IFERROR(IF(M13*F13<>0,ROUND(ROUND(M13,4)*ROUND(F13,4),4),""),"") -> 40994.057 | Q13: 0.029752461
A14: 3 | D14: INFRAESTRUTURA | P14: =ROUND(P15+P18,2) -> 146579.12 | Q14: 0.10638367
A15: 3.1 | D15: FUNDAÇÕES PROFUNDAS | P15: =ROUND(P16+P17,2) -> 55920.8 | Q15: 0.040585945
A16: 3.1.1 | B16: 100656 | C16: SINAPI | D16: ESTACA PRÉ-MOLDADA DE CONCRETO, SEÇÃO QUADRADA, CAPACIDADE DE 25 TONELADAS, INCLUSO EMENDA (EXCLUSIVE MOBILIZAÇÃO E DESMOBILIZAÇÃO). AF_12/2019 | E16: M | F16: 378 | G16: 119.52 | H16: 17.13 | I16: 102.39 | J16: 119.52 | K16: =TRUNC(H16*(1+$K$2),4) -> 20.6776 | L16: =TRUNC(I16*(1+$K$2),4) -> 123.5949 | M16: =L16+K16 -> 144.2725 | N16: =ROUND(K16*F16,4) -> 7816.1328 | O16: =ROUND(L16*F16,4) -> 46718.872 | P16: =IFERROR(IF(M16*F16<>0,ROUND(ROUND(M16,4)*ROUND(F16,4),4),""),"") -> 54535.005 | Q16: 0.039580167
A17: 3.1.2 | B17: 95601 | C17: SINAPI | D17: ARRASAMENTO MECANICO DE ESTACA DE CONCRETO ARMADO, DIAMETROS DE ATÉ 40 CM. AF_05/2021 | E17: UN | F17: 54 | G17: 21.26 | H17: 16.73 | I17: 4.53 | J17: 21.26 | K17: =TRUNC(H17*(1+$K$2),4) -> 20.1947 | L17: =TRUNC(I17*(1+$K$2),4) -> 5.4681 | M17: =L17+K17 -> 25.6628 | N17: =ROUND(K17*F17,4) -> 1090.5138 | O17: =ROUND(L17*F17,4) -> 295.2774 | P17: =IFERROR(IF(M17*F17<>0,ROUND(ROUND(M17,4)*ROUND(F17,4),4),""),"") -> 1385.7912 | Q17: 0.0010057783
A18: 3.2 | D18: FUNDAÇÕES RASAS | P18: =ROUND(SUM(P19:P27),2) -> 90658.32 | Q18: 0.06579773
A19: 3.2.1 | B19: 96616 | C19: SINAPI | D19: LASTRO DE CONCRETO MAGRO, APLICADO EM BLOCOS DE COROAMENTO OU SAPATAS. AF_01/2024 | E19: m³ | F19: 3.3 | G19: 818.9 | H19: 297.28 | I19: 521.62 | J19: 818.9 | K19: =TRUNC(H19*(1+$K$2),4) -> 358.8466 | L19: =TRUNC(I19*(1+$K$2),4) -> 629.6475 | M19: =L19+K19 -> 988.4941 | N19: =ROUND(K19*F19,4) -> 1184.1938 | O19: =ROUND(L19*F19,4) -> 2077.8368 | P19: =IFERROR(IF(M19*F19<>0,ROUND(ROUND(M19,4)*ROUND(F19,4),4),""),"") -> 3262.0305 | Q19: 0.0023675003
A20: 3.2.2 | B20: 96536 | C20: SINAPI | D20: FABRICAÇÃO, MONTAGEM E DESMONTAGEM DE FÔRMA PARA VIGA BALDRAME, EM MADEIRA SERRADA, E=25 MM, 4 UTILIZAÇÕES. AF_01/2024 | E20: m² | F20: 136.46 | G20: 64.3 | H20: 34.89 | I20: 29.41 | J20: 64.3 | K20: =TRUNC(H20*(1+$K$2),4) -> 42.1157 | L20: =TRUNC(I20*(1+$K$2),4) -> 35.5008 | M20: =L20+K20 -> 77.6165 | N20: =ROUND(K20*F20,4) -> 5747.1084 | O20: =ROUND(L20*F20,4) -> 4844.4392 | P20: =IFERROR(IF(M20*F20<>0,ROUND(ROUND(M20,4)*ROUND(F20,4),4),""),"") -> 10591.548 | Q20: 0.0076870761
A21: 3.2.3 | B21: 96543 | C21: SINAPI | D21: ARMAÇÃO DE BLOCO UTILIZANDO AÇO CA-60 DE 5 MM - MONTAGEM. AF_01/2024 | E21: KG | F21: 348 | G21: 20.5 | H21: 8.72 | I21: 11.78 | J21: 20.5 | K21: =TRUNC(H21*(1+$K$2),4) -> 10.5259 | L21: =TRUNC(I21*(1+$K$2),4) -> 14.2196 | M21: =L21+K21 -> 24.7455 | N21: =ROUND(K21*F21,4) -> 3663.0132 | O21: =ROUND(L21*F21,4) -> 4948.4208 | P21: =IFERROR(IF(M21*F21<>0,ROUND(ROUND(M21,4)*ROUND(F21,4),4),""),"") -> 8611.434 | Q21: 0.0062499759
A22: 3.2.4 | B22: 96544 | C22: SINAPI | D22: ARMAÇÃO DE BLOCO UTILIZANDO AÇO CA-50 DE 6,3 MM - MONTAGEM. AF_01/2024 | E22: KG | F22: 530 | G22: 18.51 | H22: 6.42 | I22: 12.09 | J22: 18.51 | K22: =TRUNC(H22*(1+$K$2),4) -> 7.7495 | L22: =TRUNC(I22*(1+$K$2),4) -> 14.5938 | M22: =L22+K22 -> 22.3433 | N22: =ROUND(K22*F22,4) -> 4107.235 | O22: =ROUND(L22*F22,4) -> 7734.714 | P22: =IFERROR(IF(M22*F22<>0,ROUND(ROUND(M22,4)*ROUND(F22,4),4),""),"") -> 11841.949 | Q22: 0.0085946368
A23: 3.2.5 | B23: 96546 | C23: SINAPI | D23: ARMAÇÃO DE BLOCO UTILIZANDO AÇO CA-50 DE 10 MM - MONTAGEM. AF_01/2024 | E23: KG | F23: 1013 | G23: 14.62 | H23: 3.55 | I23: 11.07 | J23: 14.62 | K23: =TRUNC(H23*(1+$K$2),4) -> 4.2852 | L23: =TRUNC(I23*(1+$K$2),4) -> 13.3625 | M23: =L23+K23 -> 17.6477 | N23: =ROUND(K23*F23,4) -> 4340.9076 | O23: =ROUND(L23*F23,4) -> 13536.212 | P23: =IFERROR(IF(M23*F23<>0,ROUND(ROUND(M23,4)*ROUND(F23,4),4),""),"") -> 17877.12 | Q23: 0.012974841
A24: 3.2.6 | B24: 104920 | C24: SINAPI | D24: ARMAÇÃO DE BLOCO, SAPATA ISOLADA, VIGA BALDRAME E SAPATA CORRIDA UTILIZANDO AÇO CA-50 DE 12,5 MM - MONTAGEM. AF_01/2024 | E24: KG | F24: 399 | G24: 11.29 | H24: 1.96 | I24: 9.33 | J24: 11.29 | K24: =TRUNC(H24*(1+$K$2),4) -> 2.3659 | L24: =TRUNC(I24*(1+$K$2),4) -> 11.2622 | M24: =L24+K24 -> 13.6281 | N24: =ROUND(K24*F24,4) -> 943.9941 | O24: =ROUND(L24*F24,4) -> 4493.6178 | P24: =IFERROR(IF(M24*F24<>0,ROUND(ROUND(M24,4)*ROUND(F24,4),4),""),"") -> 5437.6119 | Q24: 0.0039464997
A25: 3.2.7 | B25: 104921 | C25: SINAPI | D25: ARMAÇÃO DE BLOCO, SAPATA ISOLADA, VIGA BALDRAME E SAPATA CORRIDA UTILIZANDO AÇO CA-50 DE 16 MM - MONTAGEM. AF_01/2024 | E25: KG | F25: 418 | G25: 10.63 | H25: 1.47 | I25: 9.16 | J25: 10.63 | K25: =TRUNC(H25*(1+$K$2),4) -> 1.7744 | L25: =TRUNC(I25*(1+$K$2),4) -> 11.057 | M25: =L25+K25 -> 12.8314 | N25: =ROUND(K25*F25,4) -> 741.6992 | O25: =ROUND(L25*F25,4) -> 4621.826 | P25: =IFERROR(IF(M25*F25<>0,ROUND(ROUND(M25,4)*ROUND(F25,4),4),""),"") -> 5363.5252 | Q25: 0.0038927345
A26: 3.2.8 | B26: 104922 | C26: SINAPI | D26: ARMAÇÃO DE BLOCO, SAPATA ISOLADA E SAPATA CORRIDA UTILIZANDO AÇO CA-50 DE 20 MM - MONTAGEM. AF_01/2024 | E26: KG | F26: 268.1 | G26: 11.75 | H26: 1.14 | I26: 10.61 | J26: 11.75 | K26: =TRUNC(H26*(1+$K$2),4) -> 1.376 | L26: =TRUNC(I26*(1+$K$2),4) -> 12.8073 | M26: =L26+K26 -> 14.1833 | N26: =ROUND(K26*F26,4) -> 368.9056 | O26: =ROUND(L26*F26,4) -> 3433.6371 | P26: =IFERROR(IF(M26*F26<>0,ROUND(ROUND(M26,4)*ROUND(F26,4),4),""),"") -> 3802.5427 | Q26: 0.0027598103
A27: 3.2.9 | B27: COMP_3 | C27: Próprio | D27: CONCRETAGEM DE BLOCOS DE COROAMENTO E VIGAS BALDRAMES, FCK 25 MPA, COM USO DE BOMBA  LANÇAMENTO, ADENSAMENTO E ACABAMENTO | E27: m³ | F27: 29.36 | G27: 673.54 | H27: 17.44 | I27: 656.1 | J27: 673.54 | K27: =TRUNC(H27*(1+$K$2),4) -> 21.0518 | L27: =TRUNC(I27*(1+$K$2),4) -> 791.9783 | M27: =L27+K27 -> 813.0301 | N27: =ROUND(K27*F27,4) -> 618.0808 | O27: =ROUND(L27*F27,4) -> 23252.483 | P27: =IFERROR(IF(M27*F27<>0,ROUND(ROUND(M27,4)*ROUND(F27,4),4),""),"") -> 23870.564 | Q27: 0.017324655
A28: 4 | D28: SUPRAESTRUTURA | P28: =P29 -> 239298.54 | Q28: 0.17367789
A29: 4.1 | D29: ESTRUTURA METÁLICA | P29: =ROUND(SUM(P30:P32),2) -> 239298.54 | Q29: 0.17367789
A30: 4.1.1 | B30: COMP_4 | C30: Próprio | D30: ESTRUTURA METÁLICA DE COBERTURA | E30: KG | F30: 11276.52 | G30: 16.82 | H30: 1.39 | I30: 15.43 | J30: 16.82 | K30: =TRUNC(H30*(1+$K$2),4) -> 1.6778 | L30: =TRUNC(I30*(1+$K$2),4) -> 18.6255 | M30: =L30+K30 -> 20.3033 | N30: =ROUND(K30*F30,4) -> 18919.745 | O30: =ROUND(L30*F30,4) -> 210030.82 | P30: =IFERROR(IF(M30*F30<>0,ROUND(ROUND(M30,4)*ROUND(F30,4),4),""),"") -> 228950.57 | Q30: 0.16616759
A31: 4.1.2 | B31: COMP_5 | C31: Próprio | D31: PILAR EM TUBO METALON 20X20CM H=3,5M | E31: UN | F31: 26 | G31: 236.35 | H31: 91.3 | I31: 145.05 | J31: 236.35 | K31: =TRUNC(H31*(1+$K$2),4) -> 110.2082 | L31: =TRUNC(I31*(1+$K$2),4) -> 175.0898 | M31: =L31+K31 -> 285.298 | N31: =ROUND(K31*F31,4) -> 2865.4132 | O31: =ROUND(L31*F31,4) -> 4552.3348 | P31: =IFERROR(IF(M31*F31<>0,ROUND(ROUND(M31,4)*ROUND(F31,4),4),""),"") -> 7417.748 | Q31: 0.0053836175
A32: 4.1.3 | B32: COMP_6 | C32: Próprio | D32: PILAR EM TUBO METALON 20X20CM H=2,80M (APOIADO NA FLOREIRA) | E32: UN | F32: 13 | G32: 186.73 | H32: 73.01 | I32: 113.72 | J32: 186.73 | K32: =TRUNC(H32*(1+$K$2),4) -> 88.1303 | L32: =TRUNC(I32*(1+$K$2),4) -> 137.2714 | M32: =L32+K32 -> 225.4017 | N32: =ROUND(K32*F32,4) -> 1145.6939 | O32: =ROUND(L32*F32,4) -> 1784.5282 | P32: =IFERROR(IF(M32*F32<>0,ROUND(ROUND(M32,4)*ROUND(F32,4),4),""),"") -> 2930.2221 | Q32: 0.0021266826
A33: 5 | D33: ARQUITETÔNICO | P33: =ROUND(P34+P40+P46,2) -> 696485.02 | Q33: 0.50549164
A34: 5.1 | D34: PAVIMENTAÇÃO | P34: =ROUND(P35+P36+P37+P38+P39,2)-0.01 -> 324092.48 | Q34: 0.23521835
A35: 5.1.1 | B35: 103075 | C35: SINAPI | D35: EXECUÇÃO DE PISO DE CONCRETO, COM ACABAMENTO SUPERFICIAL, ESPESSURA DE 15 CM, FCK = 30 MPA, COM USO DE FORMAS EM MADEIRA SERRADA. AF_09/2021 | E35: m² | F35: 1185.78 | G35: 213.44 | H35: 21.73 | I35: 191.71 | J35: 213.44 | K35: =TRUNC(H35*(1+$K$2),4) -> 26.2302 | L35: =TRUNC(I35*(1+$K$2),4) -> 231.4131 | M35: =L35+K35 -> 257.6433 | N35: =ROUND(K35*F35,4) -> 31103.247 | O35: =ROUND(L35*F35,4) -> 274405.03 | P35: =IFERROR(IF(M35*F35<>0,ROUND(ROUND(M35,4)*ROUND(F35,4),4),""),"") -> 305508.27 | Q35: 0.22173036
A36: 5.1.2 | B36: 97114 | C36: SINAPI | D36: EXECUÇÃO DE JUNTAS DE CONTRAÇÃO PARA PAVIMENTOS DE CONCRETO. AF_04/2022 | E36: M | F36: 277.8 | G36: 0.39 | H36: 0.28 | I36: 0.11 | J36: 0.39 | K36: =TRUNC(H36*(1+$K$2),4) -> 0.3379 | L36: =TRUNC(I36*(1+$K$2),4) -> 0.1327 | M36: =L36+K36 -> 0.4706 | N36: =ROUND(K36*F36,4) -> 93.8686 | O36: =ROUND(L36*F36,4) -> 36.8641 | P36: =IFERROR(IF(M36*F36<>0,ROUND(ROUND(M36,4)*ROUND(F36,4),4),""),"") -> 130.7327 | Q36: 9.4914829e-05
A37: 5.1.3 | B37: COMP_7 | C37: Próprio | D37: TABEIRA EM BASALTO LEVIGADO FOSCO, PINGADEIRA 2CM, L=38CM | E37: M | F37: 74.5 | G37: 69.16 | H37: 5.68 | I37: 63.48 | J37: 69.16 | K37: =TRUNC(H37*(1+$K$2),4) -> 6.8563 | L37: =TRUNC(I37*(1+$K$2),4) -> 76.6267 | M37: =L37+K37 -> 83.483 | N37: =ROUND(K37*F37,4) -> 510.7944 | O37: =ROUND(L37*F37,4) -> 5708.6892 | P37: =IFERROR(IF(M37*F37<>0,ROUND(ROUND(M37,4)*ROUND(F37,4),4),""),"") -> 6219.4835 | Q37: 0.0045139474
A38: 5.1.4 | B38: COMP_8 | C38: Próprio | D38: TABEIRA EM BASALTO LEVIGADO FOSCO, PINGADEIRA 2CM, L=32,5CM | E38: M | F38: 83.6 | G38: 58.81 | H38: 4.58 | I38: 54.23 | J38: 58.81 | K38: =TRUNC(H38*(1+$K$2),4) -> 5.5285 | L38: =TRUNC(I38*(1+$K$2),4) -> 65.461 | M38: =L38+K38 -> 70.9895 | N38: =ROUND(K38*F38,4) -> 462.1826 | O38: =ROUND(L38*F38,4) -> 5472.5396 | P38: =IFERROR(IF(M38*F38<>0,ROUND(ROUND(M38,4)*ROUND(F38,4),4),""),"") -> 5934.7222 | Q38: 0.0043072707
A39: 5.1.5 | B39: COMP_9 | C39: Próprio | D39: RAMPA DE ACESSO EM CONCRETO ARMADO | E39: m³ | F39: 3.96 | G39: 1317.81 | H39: 410.9 | I39: 906.91 | J39: 1317.81 | K39: =TRUNC(H39*(1+$K$2),4) -> 495.9973 | L39: =TRUNC(I39*(1+$K$2),4) -> 1094.731 | M39: =L39+K39 -> 1590.7283 | N39: =ROUND(K39*F39,4) -> 1964.1493 | O39: =ROUND(L39*F39,4) -> 4335.1348 | P39: =IFERROR(IF(M39*F39<>0,ROUND(ROUND(M39,4)*ROUND(F39,4),4),""),"") -> 6299.2841 | Q39: 0.0045718565
A40: 5.2 | D40: COBERTURA | P40: =ROUND(SUM(P41:P45),2)+0.01 -> 228950.91 | Q40: 0.16616692
A41: 5.2.1 | B41: 94216 | C41: SINAPI | D41: TELHAMENTO COM TELHA METÁLICA TERMOACÚSTICA E = 30 MM, COM ATÉ 2 ÁGUAS, INCLUSO IÇAMENTO. AF_07/2019 | E41: m² | F41: 462 | G41: 168.14 | H41: 2.32 | I41: 165.82 | J41: 168.14 | K41: =TRUNC(H41*(1+$K$2),4) -> 2.8004 | L41: =TRUNC(I41*(1+$K$2),4) -> 200.1613 | M41: =L41+K41 -> 202.9617 | N41: =ROUND(K41*F41,4) -> 1293.7848 | O41: =ROUND(L41*F41,4) -> 92474.521 | P41: =IFERROR(IF(M41*F41<>0,ROUND(ROUND(M41,4)*ROUND(F41,4),4),""),"") -> 93768.305 | Q41: 0.068054721
A42: 5.2.2 | B42: 104756 | C42: SINAPI | D42: FORRO EM MADEIRA PINUS, PARA AMBIENTES RESIDENCIAIS E COMERCIAIS, INCLUSIVE ESTRUTURA BIDIRECIONAL DE FIXAÇÃO. AF_08/2023 | E42: m² | F42: 462 | G42: 148.16 | H42: 43.47 | I42: 104.69 | J42: 148.16 | K42: =TRUNC(H42*(1+$K$2),4) -> 52.4726 | L42: =TRUNC(I42*(1+$K$2),4) -> 126.3712 | M42: =L42+K42 -> 178.8438 | N42: =ROUND(K42*F42,4) -> 24242.341 | O42: =ROUND(L42*F42,4) -> 58383.494 | P42: =IFERROR(IF(M42*F42<>0,ROUND(ROUND(M42,4)*ROUND(F42,4),4),""),"") -> 82625.836 | Q42: 0.059967809
A43: 5.2.3 | B43: COMP_10 | C43: Próprio | D43: FECHAMENTO EM CHAPA METÁLICA LISA C/ PINTURA ELETROSTÁTICA | E43: m² | F43: 122.4 | G43: 301.56 | H43: 50.51 | I43: 251.05 | J43: 301.56 | K43: =TRUNC(H43*(1+$K$2),4) -> 60.9706 | L43: =TRUNC(I43*(1+$K$2),4) -> 303.0424 | M43: =L43+K43 -> 364.013 | N43: =ROUND(K43*F43,4) -> 7462.8014 | O43: =ROUND(L43*F43,4) -> 37092.39 | P43: =IFERROR(IF(M43*F43<>0,ROUND(ROUND(M43,4)*ROUND(F43,4),4),""),"") -> 44555.191 | Q43: 0.032337046
A44: 5.2.4 | B44: 94451 | C44: SINAPI | D44: CUMEEIRA PARA TELHA DE FIBROCIMENTO ESTRUTURAL E = 6 MM, INCLUSO ACESSÓRIOS DE FIXAÇÃO E IÇAMENTO. AF_07/2019 | E44: M | F44: 60 | G44: 92.69 | H44: 2.73 | I44: 89.96 | J44: 92.69 | K44: =TRUNC(H44*(1+$K$2),4) -> 3.2953 | L44: =TRUNC(I44*(1+$K$2),4) -> 108.5907 | M44: =L44+K44 -> 111.886 | N44: =ROUND(K44*F44,4) -> 197.718 | O44: =ROUND(L44*F44,4) -> 6515.442 | P44: =IFERROR(IF(M44*F44<>0,ROUND(ROUND(M44,4)*ROUND(F44,4),4),""),"") -> 6713.16 | Q44: 0.0048722478
A45: 5.2.5 | B45: 100327 | C45: SINAPI | D45: RUFO EXTERNO/INTERNO EM CHAPA DE AÇO GALVANIZADO NÚMERO 26, CORTE DE 33 CM, INCLUSO IÇAMENTO. AF_07/2019 | E45: M | F45: 16 | G45: 66.71 | H45: 8.19 | I45: 58.52 | J45: 66.71 | K45: =TRUNC(H45*(1+$K$2),4) -> 9.8861 | L45: =TRUNC(I45*(1+$K$2),4) -> 70.6394 | M45: =L45+K45 -> 80.5255 | N45: =ROUND(K45*F45,4) -> 158.1776 | O45: =ROUND(L45*F45,4) -> 1130.2304 | P45: =IFERROR(IF(M45*F45<>0,ROUND(ROUND(M45,4)*ROUND(F45,4),4),""),"") -> 1288.408 | Q45: 0.00093509592
A46: 5.3 | D46: PAISAGISMO | P46: =ROUND(SUM(P47:P51),2)-0.01 -> 143441.63 | Q46: 0.10410637
A47: 5.3.1 | B47: COMP_11 | C47: Próprio | D47: FLOREIRA EM CONCRETO ARMADO APARENTE H=70CM | E47: M | F47: 121.7 | G47: 389.53 | H47: 135.82 | I47: 253.71 | J47: 389.53 | K47: =TRUNC(H47*(1+$K$2),4) -> 163.9483 | L47: =TRUNC(I47*(1+$K$2),4) -> 306.2533 | M47: =L47+K47 -> 470.2016 | N47: =ROUND(K47*F47,4) -> 19952.508 | O47: =ROUND(L47*F47,4) -> 37271.027 | P47: =IFERROR(IF(M47*F47<>0,ROUND(ROUND(M47,4)*ROUND(F47,4),4),""),"") -> 57223.535 | Q47: 0.041531414
A48: 5.3.2 | B48: COMP_12 | C48: Próprio | D48: PINGADEIRA EM BASALTO TEAR | E48: M | F48: 121.7 | G48: 66.24 | H48: 7.21 | I48: 59.03 | J48: 66.24 | K48: =TRUNC(H48*(1+$K$2),4) -> 8.7031 | L48: =TRUNC(I48*(1+$K$2),4) -> 71.2551 | M48: =L48+K48 -> 79.9582 | N48: =ROUND(K48*F48,4) -> 1059.1673 | O48: =ROUND(L48*F48,4) -> 8671.7457 | P48: =IFERROR(IF(M48*F48<>0,ROUND(ROUND(M48,4)*ROUND(F48,4),4),""),"") -> 9730.9129 | Q48: 0.0070624553
A49: 5.3.3 | B49: COMP_13 | C49: Próprio | D49: BANCO EM MADEIRA JATOBÁ, C/ TRATAMENTO ENVERNIZADO, L=50CM | E49: M | F49: 49 | G49: 137 | H49: 56 | I49: 81 | J49: 137 | K49: =TRUNC(H49*(1+$K$2),4) -> 67.5976 | L49: =TRUNC(I49*(1+$K$2),4) -> 97.7751 | M49: =L49+K49 -> 165.3727 | N49: =ROUND(K49*F49,4) -> 3312.2824 | O49: =ROUND(L49*F49,4) -> 4790.9799 | P49: =IFERROR(IF(M49*F49<>0,ROUND(ROUND(M49,4)*ROUND(F49,4),4),""),"") -> 8103.2623 | Q49: 0.005881145
A50: 5.3.4 | B50: COMP_14 | C50: Próprio | D50: PLANTIO DE VEGETAÇÃO RASTEIRA | E50: m² | F50: 147.77 | G50: 65.07 | H50: 8.96 | I50: 56.11 | J50: 65.07 | K50: =TRUNC(H50*(1+$K$2),4) -> 10.8156 | L50: =TRUNC(I50*(1+$K$2),4) -> 67.7303 | M50: =L50+K50 -> 78.5459 | N50: =ROUND(K50*F50,4) -> 1598.2212 | O50: =ROUND(L50*F50,4) -> 10008.506 | P50: =IFERROR(IF(M50*F50<>0,ROUND(ROUND(M50,4)*ROUND(F50,4),4),""),"") -> 11606.728 | Q50: 0.0084238794
A51: 5.3.5 | B51: COT_7 | C51: Próprio | D51: TOLDO RETRÁTIL EM LONA PVC 5,00x3,80m, ANTICHAMA, COM FILTRO UV, COM SISTEMA DE REDUTORA, INCLUINDO MÃO DE OBRA E FRETE | E51: UN | F51: 12 | G51: 3919.67 | H51: 0 | I51: 3919.67 | J51: 3919.67 | K51: =TRUNC(H51*(1+$K$2),4) -> 0 | L51: =TRUNC(I51*(1+$K$2),4) -> 4731.4336 | M51: =L51+K51 -> 4731.4336 | N51: =ROUND(K51*F51,4) -> 0 | O51: =ROUND(L51*F51,4) -> 56777.203 | P51: =IFERROR(IF(M51*F51<>0,ROUND(ROUND(M51,4)*ROUND(F51,4),4),""),"") -> 56777.203 | Q51: 0.041207474
A52: 6 | D52: INSTALAÇÕES ELÉTRICAS | P52: =ROUND(P53+P63+P75+P82,2) -> 97125.63 | Q52: 0.070491598
A53: 6.1 | D53: TUBULAÇÕES E CAIXAS | P53: =ROUND(SUM(P54:P62),2) -> 16327.39 | Q53: 0.011850056
A54: 6.1.1 | B54: 91936 | C54: SINAPI | D54: CAIXA OCTOGONAL 4" X 4", PVC, INSTALADA EM LAJE - FORNECIMENTO E INSTALAÇÃO. AF_03/2023 | E54: UN | F54: 18 | G54: 19.36 | H54: 9.34 | I54: 10.02 | J54: 19.36 | K54: =TRUNC(H54*(1+$K$2),4) -> 11.2743 | L54: =TRUNC(I54*(1+$K$2),4) -> 12.0951 | M54: =L54+K54 -> 23.3694 | N54: =ROUND(K54*F54,4) -> 202.9374 | O54: =ROUND(L54*F54,4) -> 217.7118 | P54: =IFERROR(IF(M54*F54<>0,ROUND(ROUND(M54,4)*ROUND(F54,4),4),""),"") -> 420.6492 | Q54: 0.00030529739
A55: 6.1.2 | B55: 91940 | C55: SINAPI | D55: CAIXA RETANGULAR 4" X 2" MÉDIA (1,30 M DO PISO), PVC, INSTALADA EM PAREDE - FORNECIMENTO E INSTALAÇÃO. AF_03/2023 | E55: UN | F55: 15 | G55: 19.16 | H55: 12.37 | I55: 6.79 | J55: 19.16 | K55: =TRUNC(H55*(1+$K$2),4) -> 14.9318 | L55: =TRUNC(I55*(1+$K$2),4) -> 8.1962 | M55: =L55+K55 -> 23.128 | N55: =ROUND(K55*F55,4) -> 223.977 | O55: =ROUND(L55*F55,4) -> 122.943 | P55: =IFERROR(IF(M55*F55<>0,ROUND(ROUND(M55,4)*ROUND(F55,4),4),""),"") -> 346.92 | Q55: 0.00025178625
A56: 6.1.3 | B56: 91937 | C56: SINAPI | D56: CAIXA OCTOGONAL 3" X 3", PVC, INSTALADA EM LAJE - FORNECIMENTO E INSTALAÇÃO. AF_03/2023 | E56: UN | F56: 20 | G56: 17.07 | H56: 9.34 | I56: 7.73 | J56: 17.07 | K56: =TRUNC(H56*(1+$K$2),4) -> 11.2743 | L56: =TRUNC(I56*(1+$K$2),4) -> 9.3308 | M56: =L56+K56 -> 20.6051 | N56: =ROUND(K56*F56,4) -> 225.486 | O56: =ROUND(L56*F56,4) -> 186.616 | P56: =IFERROR(IF(M56*F56<>0,ROUND(ROUND(M56,4)*ROUND(F56,4),4),""),"") -> 412.102 | Q56: 0.00029909473
A57: 6.1.4 | B57: 97886 | C57: SINAPI | D57: CAIXA ENTERRADA ELÉTRICA RETANGULAR, EM ALVENARIA COM TIJOLOS CERÂMICOS MACIÇOS, FUNDO COM BRITA, DIMENSÕES INTERNAS: 0,3X0,3X0,3 M. AF_12/2020 | E57: UN | F57: 15 | G57: 172.3 | H57: 82.21 | I57: 90.09 | J57: 172.3 | K57: =TRUNC(H57*(1+$K$2),4) -> 99.2356 | L57: =TRUNC(I57*(1+$K$2),4) -> 108.7476 | M57: =L57+K57 -> 207.9832 | N57: =ROUND(K57*F57,4) -> 1488.534 | O57: =ROUND(L57*F57,4) -> 1631.214 | P57: =IFERROR(IF(M57*F57<>0,ROUND(ROUND(M57,4)*ROUND(F57,4),4),""),"") -> 3119.748 | Q57: 0.0022642364
A58: 6.1.5 | B58: 95727 | C58: SINAPI | D58: ELETRODUTO RÍGIDO SOLDÁVEL, PVC, DN 25 MM (3/4"), APARENTE - FORNECIMENTO E INSTALAÇÃO. AF_10/2022_PA | E58: M | F58: 210 | G58: 22.43 | H58: 11.08 | I58: 11.35 | J58: 22.43 | K58: =TRUNC(H58*(1+$K$2),4) -> 13.3746 | L58: =TRUNC(I58*(1+$K$2),4) -> 13.7005 | M58: =L58+K58 -> 27.0751 | N58: =ROUND(K58*F58,4) -> 2808.666 | O58: =ROUND(L58*F58,4) -> 2877.105 | P58: =IFERROR(IF(M58*F58<>0,ROUND(ROUND(M58,4)*ROUND(F58,4),4),""),"") -> 5685.771 | Q58: 0.0041266136
A59: 6.1.6 | B59: 91854 | C59: SINAPI | D59: ELETRODUTO FLEXÍVEL CORRUGADO, PVC, DN 25 MM (3/4"), PARA CIRCUITOS TERMINAIS, INSTALADO EM PAREDE - FORNECIMENTO E INSTALAÇÃO. AF_03/2023 | E59: M | F59: 130 | G59: 10.73 | H59: 5.63 | I59: 5.1 | J59: 10.73 | K59: =TRUNC(H59*(1+$K$2),4) -> 6.7959 | L59: =TRUNC(I59*(1+$K$2),4) -> 6.1562 | M59: =L59+K59 -> 12.9521 | N59: =ROUND(K59*F59,4) -> 883.467 | O59: =ROUND(L59*F59,4) -> 800.306 | P59: =IFERROR(IF(M59*F59<>0,ROUND(ROUND(M59,4)*ROUND(F59,4),4),""),"") -> 1683.773 | Q59: 0.0012220481
A60: 6.1.7 | B60: 97669 | C60: SINAPI | D60: ELETRODUTO FLEXÍVEL CORRUGADO, PEAD, DN 90 (3"), PARA REDE ENTERRADA DE DISTRIBUIÇÃO DE ENERGIA ELÉTRICA - FORNECIMENTO E INSTALAÇÃO. AF_12/2021 | E60: M | F60: 95 | G60: 22.91 | H60: 6.36 | I60: 16.55 | J60: 22.91 | K60: =TRUNC(H60*(1+$K$2),4) -> 7.6771 | L60: =TRUNC(I60*(1+$K$2),4) -> 19.9775 | M60: =L60+K60 -> 27.6546 | N60: =ROUND(K60*F60,4) -> 729.3245 | O60: =ROUND(L60*F60,4) -> 1897.8625 | P60: =IFERROR(IF(M60*F60<>0,ROUND(ROUND(M60,4)*ROUND(F60,4),4),""),"") -> 2627.187 | Q60: 0.0019067508
A61: 6.1.8 | B61: 91914 | C61: SINAPI | D61: CURVA 90 GRAUS PARA ELETRODUTO, PVC, ROSCÁVEL, DN 25 MM (3/4"), PARA CIRCUITOS TERMINAIS, INSTALADA EM PAREDE - FORNECIMENTO E INSTALAÇÃO. AF_03/2023 | E61: UN | F61: 25 | G61: 19.19 | H61: 12.41 | I61: 6.78 | J61: 19.19 | K61: =TRUNC(H61*(1+$K$2),4) -> 14.9801 | L61: =TRUNC(I61*(1+$K$2),4) -> 8.1841 | M61: =L61+K61 -> 23.1642 | N61: =ROUND(K61*F61,4) -> 374.5025 | O61: =ROUND(L61*F61,4) -> 204.6025 | P61: =IFERROR(IF(M61*F61<>0,ROUND(ROUND(M61,4)*ROUND(F61,4),4),""),"") -> 579.105 | Q61: 0.0004203008
A62: 6.1.9 | B62: 91884 | C62: SINAPI | D62: LUVA PARA ELETRODUTO, PVC, ROSCÁVEL, DN 25 MM (3/4"), PARA CIRCUITOS TERMINAIS, INSTALADA EM PAREDE - FORNECIMENTO E INSTALAÇÃO. AF_03/2023 | E62: UN | F62: 100 | G62: 12.03 | H62: 8.29 | I62: 3.74 | J62: 12.03 | K62: =TRUNC(H62*(1+$K$2),4) -> 10.0068 | L62: =TRUNC(I62*(1+$K$2),4) -> 4.5145 | M62: =L62+K62 -> 14.5213 | N62: =ROUND(K62*F62,4) -> 1000.68 | O62: =ROUND(L62*F62,4) -> 451.45 | P62: =IFERROR(IF(M62*F62<>0,ROUND(ROUND(M62,4)*ROUND(F62,4),4),""),"") -> 1452.13 | Q62: 0.0010539278
A63: 6.2 | D63: QUADROS E DISJUNTORES | P63: =ROUND(SUM(P64:P74),2)-0.01 -> 2140.95 | Q63: 0.0015538558
A64: 6.2.1 | B64: COMP_15 | C64: Próprio | D64: QUADRO DE DISTRIBUIÇÃO TERMOPLÁSTICO DE SOBREPOR PARA 12 DISJUNTORES | E64: UN | F64: 1 | G64: 147.39 | H64: 21.05 | I64: 126.34 | J64: 147.39 | K64: =TRUNC(H64*(1+$K$2),4) -> 25.4094 | L64: =TRUNC(I64*(1+$K$2),4) -> 152.505 | M64: =L64+K64 -> 177.9144 | N64: =ROUND(K64*F64,4) -> 25.4094 | O64: =ROUND(L64*F64,4) -> 152.505 | P64: =IFERROR(IF(M64*F64<>0,ROUND(ROUND(M64,4)*ROUND(F64,4),4),""),"") -> 177.9144 | Q64: 0.00012912587
A65: 6.2.2 | B65: COMP_16 | C65: Próprio | D65: QUADRO DE DISTRIBUIÇÃO TERMOPLÁSTICO DE SOBREPOR PARA 36 DISJUNTORES | E65: UN | F65: 1 | G65: 273.29 | H65: 21.05 | I65: 252.24 | J65: 273.29 | K65: =TRUNC(H65*(1+$K$2),4) -> 25.4094 | L65: =TRUNC(I65*(1+$K$2),4) -> 304.4789 | M65: =L65+K65 -> 329.8883 | N65: =ROUND(K65*F65,4) -> 25.4094 | O65: =ROUND(L65*F65,4) -> 304.4789 | P65: =IFERROR(IF(M65*F65<>0,ROUND(ROUND(M65,4)*ROUND(F65,4),4),""),"") -> 329.8883 | Q65: 0.00023942471
A66: 6.2.3 | B66: COMP_17 | C66: Próprio | D66: BARRAMENTO BIFÁSICO 63A (MÍNIMO) PADRÃO DIN, IEC | E66: UN | F66: 3 | G66: 30.67 | H66: 5.42 | I66: 25.25 | J66: 30.67 | K66: =TRUNC(H66*(1+$K$2),4) -> 6.5424 | L66: =TRUNC(I66*(1+$K$2),4) -> 30.4792 | M66: =L66+K66 -> 37.0216 | N66: =ROUND(K66*F66,4) -> 19.6272 | O66: =ROUND(L66*F66,4) -> 91.4376 | P66: =IFERROR(IF(M66*F66<>0,ROUND(ROUND(M66,4)*ROUND(F66,4),4),""),"") -> 111.0648 | Q66: 8.0608394e-05
A67: 6.2.4 | B67: COMP_18 | C67: Próprio | D67: BARRAMENTO DE NEUTRO 12 POSIÇÕES | E67: UN | F67: 4 | G67: 18.13 | H67: 5.42 | I67: 12.71 | J67: 18.13 | K67: =TRUNC(H67*(1+$K$2),4) -> 6.5424 | L67: =TRUNC(I67*(1+$K$2),4) -> 15.3422 | M67: =L67+K67 -> 21.8846 | N67: =ROUND(K67*F67,4) -> 26.1696 | O67: =ROUND(L67*F67,4) -> 61.3688 | P67: =IFERROR(IF(M67*F67<>0,ROUND(ROUND(M67,4)*ROUND(F67,4),4),""),"") -> 87.5384 | Q67: 6.3533537e-05
A68: 6.2.5 | B68: COMP_19 | C68: Próprio | D68: BARRAMENTO DE PROTEÇÃO 6 POSIÇÕES | E68: UN | F68: 4 | G68: 27.19 | H68: 5.42 | I68: 21.77 | J68: 27.19 | K68: =TRUNC(H68*(1+$K$2),4) -> 6.5424 | L68: =TRUNC(I68*(1+$K$2),4) -> 26.2785 | M68: =L68+K68 -> 32.8209 | N68: =ROUND(K68*F68,4) -> 26.1696 | O68: =ROUND(L68*F68,4) -> 105.114 | P68: =IFERROR(IF(M68*F68<>0,ROUND(ROUND(M68,4)*ROUND(F68,4),4),""),"") -> 131.2836 | Q68: 9.5282784e-05
A69: 6.2.6 | B69: 93654 | C69: SINAPI | D69: DISJUNTOR MONOPOLAR TIPO DIN, CORRENTE NOMINAL DE 16A - FORNECIMENTO E INSTALAÇÃO. AF_10/2020 | E69: UN | F69: 3 | G69: 11.55 | H69: 2 | I69: 9.55 | J69: 11.55 | K69: =TRUNC(H69*(1+$K$2),4) -> 2.4142 | L69: =TRUNC(I69*(1+$K$2),4) -> 11.5278 | M69: =L69+K69 -> 13.942 | N69: =ROUND(K69*F69,4) -> 7.2426 | O69: =ROUND(L69*F69,4) -> 34.5834 | P69: =IFERROR(IF(M69*F69<>0,ROUND(ROUND(M69,4)*ROUND(F69,4),4),""),"") -> 41.826 | Q69: 3.0356275e-05
A70: 6.2.7 | B70: 93655 | C70: SINAPI | D70: DISJUNTOR MONOPOLAR TIPO DIN, CORRENTE NOMINAL DE 20A - FORNECIMENTO E INSTALAÇÃO. AF_10/2020 | E70: UN | F70: 7 | G70: 12.9 | H70: 2.78 | I70: 10.12 | J70: 12.9 | K70: =TRUNC(H70*(1+$K$2),4) -> 3.3557 | L70: =TRUNC(I70*(1+$K$2),4) -> 12.2158 | M70: =L70+K70 -> 15.5715 | N70: =ROUND(K70*F70,4) -> 23.4899 | O70: =ROUND(L70*F70,4) -> 85.5106 | P70: =IFERROR(IF(M70*F70<>0,ROUND(ROUND(M70,4)*ROUND(F70,4),4),""),"") -> 109.0005 | Q70: 7.9110292e-05
A71: 6.2.8 | B71: 93657 | C71: SINAPI | D71: DISJUNTOR MONOPOLAR TIPO DIN, CORRENTE NOMINAL DE 32A - FORNECIMENTO E INSTALAÇÃO. AF_10/2020 | E71: UN | F71: 2 | G71: 14.53 | H71: 3.83 | I71: 10.7 | J71: 14.53 | K71: =TRUNC(H71*(1+$K$2),4) -> 4.6231 | L71: =TRUNC(I71*(1+$K$2),4) -> 12.9159 | M71: =L71+K71 -> 17.539 | N71: =ROUND(K71*F71,4) -> 9.2462 | O71: =ROUND(L71*F71,4) -> 25.8318 | P71: =IFERROR(IF(M71*F71<>0,ROUND(ROUND(M71,4)*ROUND(F71,4),4),""),"") -> 35.078 | Q71: 2.5458971e-05
A72: 6.2.9 | B72: 93658 | C72: SINAPI | D72: DISJUNTOR MONOPOLAR TIPO DIN, CORRENTE NOMINAL DE 40A - FORNECIMENTO E INSTALAÇÃO. AF_10/2020 | E72: UN | F72: 13 | G72: 20.84 | H72: 5.68 | I72: 15.16 | J72: 20.84 | K72: =TRUNC(H72*(1+$K$2),4) -> 6.8563 | L72: =TRUNC(I72*(1+$K$2),4) -> 18.2996 | M72: =L72+K72 -> 25.1559 | N72: =ROUND(K72*F72,4) -> 89.1319 | O72: =ROUND(L72*F72,4) -> 237.8948 | P72: =IFERROR(IF(M72*F72<>0,ROUND(ROUND(M72,4)*ROUND(F72,4),4),""),"") -> 327.0267 | Q72: 0.0002373484
A73: 6.2.10 | B73: 93671 | C73: SINAPI | D73: DISJUNTOR TRIPOLAR TIPO DIN, CORRENTE NOMINAL DE 32A - FORNECIMENTO E INSTALAÇÃO. AF_10/2020 | E73: UN | F73: 1 | G73: 75.29 | H73: 11.5 | I73: 63.79 | J73: 75.29 | K73: =TRUNC(H73*(1+$K$2),4) -> 13.8816 | L73: =TRUNC(I73*(1+$K$2),4) -> 77.0009 | M73: =L73+K73 -> 90.8825 | N73: =ROUND(K73*F73,4) -> 13.8816 | O73: =ROUND(L73*F73,4) -> 77.0009 | P73: =IFERROR(IF(M73*F73<>0,ROUND(ROUND(M73,4)*ROUND(F73,4),4),""),"") -> 90.8825 | Q73: 6.5960287e-05
A74: 6.2.11 | B74: 101896 | C74: SINAPI | D74: DISJUNTOR TERMOMAGNÉTICO TRIPOLAR , CORRENTE NOMINAL DE 200A - FORNECIMENTO E INSTALAÇÃO. AF_10/2020 | E74: UN | F74: 1 | G74: 579.45 | H74: 55.71 | I74: 523.74 | J74: 579.45 | K74: =TRUNC(H74*(1+$K$2),4) -> 67.2475 | L74: =TRUNC(I74*(1+$K$2),4) -> 632.2065 | M74: =L74+K74 -> 699.454 | N74: =ROUND(K74*F74,4) -> 67.2475 | O74: =ROUND(L74*F74,4) -> 632.2065 | P74: =IFERROR(IF(M74*F74<>0,ROUND(ROUND(M74,4)*ROUND(F74,4),4),""),"") -> 699.454 | Q74: 0.00050764628
A75: 6.3 | D75: FIAÇÕES | P75: =ROUND(SUM(P76:P81),2)+0.01 -> 77983.32 | Q75: 0.056598534
A76: 6.3.1 | B76: 91924 | C76: SINAPI | D76: CABO DE COBRE FLEXÍVEL ISOLADO, 1,5 MM², ANTI-CHAMA 450/750 V, PARA CIRCUITOS TERMINAIS - FORNECIMENTO E INSTALAÇÃO. AF_03/2023 | E76: M | F76: 100 | G76: 2.92 | H76: 0.96 | I76: 1.96 | J76: 2.92 | K76: =TRUNC(H76*(1+$K$2),4) -> 1.1588 | L76: =TRUNC(I76*(1+$K$2),4) -> 2.3659 | M76: =L76+K76 -> 3.5247 | N76: =ROUND(K76*F76,4) -> 115.88 | O76: =ROUND(L76*F76,4) -> 236.59 | P76: =IFERROR(IF(M76*F76<>0,ROUND(ROUND(M76,4)*ROUND(F76,4),4),""),"") -> 352.47 | Q76: 0.00025581623
A77: 6.3.2 | B77: 91925 | C77: SINAPI | D77: CABO DE COBRE FLEXÍVEL ISOLADO, 1,5 MM², ANTI-CHAMA 0,6/1,0 KV, PARA CIRCUITOS TERMINAIS - FORNECIMENTO E INSTALAÇÃO. AF_03/2023 | E77: M | F77: 150 | G77: 3.52 | H77: 0.96 | I77: 2.56 | J77: 3.52 | K77: =TRUNC(H77*(1+$K$2),4) -> 1.1588 | L77: =TRUNC(I77*(1+$K$2),4) -> 3.0901 | M77: =L77+K77 -> 4.2489 | N77: =ROUND(K77*F77,4) -> 173.82 | O77: =ROUND(L77*F77,4) -> 463.515 | P77: =IFERROR(IF(M77*F77<>0,ROUND(ROUND(M77,4)*ROUND(F77,4),4),""),"") -> 637.335 | Q77: 0.00046257181
A78: 6.3.3 | B78: 91926 | C78: SINAPI | D78: CABO DE COBRE FLEXÍVEL ISOLADO, 2,5 MM², ANTI-CHAMA 450/750 V, PARA CIRCUITOS TERMINAIS - FORNECIMENTO E INSTALAÇÃO. AF_03/2023 | E78: M | F78: 1400 | G78: 4.24 | H78: 1.22 | I78: 3.02 | J78: 4.24 | K78: =TRUNC(H78*(1+$K$2),4) -> 1.4726 | L78: =TRUNC(I78*(1+$K$2),4) -> 3.6454 | M78: =L78+K78 -> 5.118 | N78: =ROUND(K78*F78,4) -> 2061.64 | O78: =ROUND(L78*F78,4) -> 5103.56 | P78: =IFERROR(IF(M78*F78<>0,ROUND(ROUND(M78,4)*ROUND(F78,4),4),""),"") -> 7165.2 | Q78: 0.0052004285
A79: 6.3.4 | B79: 91931 | C79: SINAPI | D79: CABO DE COBRE FLEXÍVEL ISOLADO, 6 MM², ANTI-CHAMA 0,6/1,0 KV, PARA CIRCUITOS TERMINAIS - FORNECIMENTO E INSTALAÇÃO. AF_03/2023 | E79: M | F79: 400 | G79: 9.82 | H79: 2.13 | I79: 7.69 | J79: 9.82 | K79: =TRUNC(H79*(1+$K$2),4) -> 2.5711 | L79: =TRUNC(I79*(1+$K$2),4) -> 9.2825 | M79: =L79+K79 -> 11.8536 | N79: =ROUND(K79*F79,4) -> 1028.44 | O79: =ROUND(L79*F79,4) -> 3713 | P79: =IFERROR(IF(M79*F79<>0,ROUND(ROUND(M79,4)*ROUND(F79,4),4),""),"") -> 4741.44 | Q79: 0.0034412539
A80: 6.3.5 | B80: 91935 | C80: SINAPI | D80: CABO DE COBRE FLEXÍVEL ISOLADO, 16 MM², ANTI-CHAMA 0,6/1,0 KV, PARA CIRCUITOS TERMINAIS - FORNECIMENTO E INSTALAÇÃO. AF_03/2023 | E80: M | F80: 1650 | G80: 24.61 | H80: 4.79 | I80: 19.82 | J80: 24.61 | K80: =TRUNC(H80*(1+$K$2),4) -> 5.782 | L80: =TRUNC(I80*(1+$K$2),4) -> 23.9247 | M80: =L80+K80 -> 29.7067 | N80: =ROUND(K80*F80,4) -> 9540.3 | O80: =ROUND(L80*F80,4) -> 39475.755 | P80: =IFERROR(IF(M80*F80<>0,ROUND(ROUND(M80,4)*ROUND(F80,4),4),""),"") -> 49016.055 | Q80: 0.035574663
A81: 6.3.6 | B81: COMP_36 | C81: Próprio | D81: VARAL DE LÂMPADAS | E81: M | F81: 153.4 | G81: 86.79 | H81: 1.76 | I81: 85.03 | J81: 86.79 | K81: =TRUNC(H81*(1+$K$2),4) -> 2.1244 | L81: =TRUNC(I81*(1+$K$2),4) -> 102.6397 | M81: =L81+K81 -> 104.7641 | N81: =ROUND(K81*F81,4) -> 325.883 | O81: =ROUND(L81*F81,4) -> 15744.93 | P81: =IFERROR(IF(M81*F81<>0,ROUND(ROUND(M81,4)*ROUND(F81,4),4),""),"") -> 16070.813 | Q81: 0.011663801
A82: 6.4 | D82: DISPOSITIVOS E ACESSÓRIOS | P82: =ROUND(SUM(P83:P85),2) -> 673.97 | Q82: 0.00048915217
A83: 6.4.1 | B83: 91997 | C83: SINAPI | D83: TOMADA MÉDIA DE EMBUTIR (1 MÓDULO), 2P+T 20 A, INCLUINDO SUPORTE E PLACA - FORNECIMENTO E INSTALAÇÃO. AF_03/2023 | E83: UN | F83: 10 | G83: 41.17 | H83: 18.72 | I83: 22.45 | J83: 41.17 | K83: =TRUNC(H83*(1+$K$2),4) -> 22.5969 | L83: =TRUNC(I83*(1+$K$2),4) -> 27.0993 | M83: =L83+K83 -> 49.6962 | N83: =ROUND(K83*F83,4) -> 225.969 | O83: =ROUND(L83*F83,4) -> 270.993 | P83: =IFERROR(IF(M83*F83<>0,ROUND(ROUND(M83,4)*ROUND(F83,4),4),""),"") -> 496.962 | Q83: 0.00036068336
A84: 6.4.2 | B84: 91953 | C84: SINAPI | D84: INTERRUPTOR SIMPLES (1 MÓDULO), 10A/250V, INCLUINDO SUPORTE E PLACA - FORNECIMENTO E INSTALAÇÃO. AF_03/2023 | E84: UN | F84: 1 | G84: 32.85 | H84: 15.14 | I84: 17.71 | J84: 32.85 | K84: =TRUNC(H84*(1+$K$2),4) -> 18.2754 | L84: =TRUNC(I84*(1+$K$2),4) -> 21.3777 | M84: =L84+K84 -> 39.6531 | N84: =ROUND(K84*F84,4) -> 18.2754 | O84: =ROUND(L84*F84,4) -> 21.3777 | P84: =IFERROR(IF(M84*F84<>0,ROUND(ROUND(M84,4)*ROUND(F84,4),4),""),"") -> 39.6531 | Q84: 2.8779326e-05
A85: 6.4.3 | B85: 101632 | C85: SINAPI | D85: RELÉ FOTOELÉTRICO PARA COMANDO DE ILUMINAÇÃO EXTERNA 1000 W - FORNECIMENTO E INSTALAÇÃO. AF_08/2020 | E85: UN | F85: 3 | G85: 37.93 | H85: 0.69 | I85: 37.24 | J85: 37.93 | K85: =TRUNC(H85*(1+$K$2),4) -> 0.8328 | L85: =TRUNC(I85*(1+$K$2),4) -> 44.9524 | M85: =L85+K85 -> 45.7852 | N85: =ROUND(K85*F85,4) -> 2.4984 | O85: =ROUND(L85*F85,4) -> 134.8572 | P85: =IFERROR(IF(M85*F85<>0,ROUND(ROUND(M85,4)*ROUND(F85,4),4),""),"") -> 137.3556 | Q85: 9.9689481e-05
A86: 7 | D86: INSTALAÇÕES HIDROSSANITÁRIAS | P86: =ROUND(P87+P117,2) -> 123697.19 | Q86: 0.089776392
A87: 7.1 | D87: PLUVIAL | P87: =ROUND(P88+P93+P96+P100+P114,2) -> 113774.72 | Q87: 0.082574894
A88: 7.1.1 | D88: CAIXAS DE PASSAGEM | P88: =ROUND(SUM(P89:P92),2) -> 19742.7 | Q88: 0.014328757
A89: 7.1.1.1 | B89: COMP_20 | C89: Próprio | D89: CAIXA DE AREIA PLUVIAL COM GRELHA CAG- 60x60cm | E89: UN | F89: 6 | G89: 735.68 | H89: 284.9 | I89: 450.78 | J89: 735.68 | K89: =TRUNC(H89*(1+$K$2),4) -> 343.9027 | L89: =TRUNC(I89*(1+$K$2),4) -> 544.1365 | M89: =L89+K89 -> 888.0392 | N89: =ROUND(K89*F89,4) -> 2063.4162 | O89: =ROUND(L89*F89,4) -> 3264.819 | P89: =IFERROR(IF(M89*F89<>0,ROUND(ROUND(M89,4)*ROUND(F89,4),4),""),"") -> 5328.2352 | Q89: 0.0038671003
A90: 7.1.1.2 | B90: 99253 | C90: SINAPI | D90: CAIXA ENTERRADA HIDRÁULICA RETANGULAR EM ALVENARIA COM TIJOLOS CERÂMICOS MACIÇOS, DIMENSÕES INTERNAS: 0,6X0,6X0,6 M PARA REDE DE DRENAGEM. AF_12/2020 | E90: UN | F90: 4 | G90: 569.52 | H90: 261.23 | I90: 308.29 | J90: 569.52 | K90: =TRUNC(H90*(1+$K$2),4) -> 315.3307 | L90: =TRUNC(I90*(1+$K$2),4) -> 372.1368 | M90: =L90+K90 -> 687.4675 | N90: =ROUND(K90*F90,4) -> 1261.3228 | O90: =ROUND(L90*F90,4) -> 1488.5472 | P90: =IFERROR(IF(M90*F90<>0,ROUND(ROUND(M90,4)*ROUND(F90,4),4),""),"") -> 2749.87 | Q90: 0.0019957871
A91: 7.1.1.3 | B91: 99255 | C91: SINAPI | D91: CAIXA ENTERRADA HIDRÁULICA RETANGULAR EM ALVENARIA COM TIJOLOS CERÂMICOS MACIÇOS, DIMENSÕES INTERNAS: 0,8X0,8X0,6 M PARA REDE DE DRENAGEM. AF_12/2020 | E91: UN | F91: 3 | G91: 793.6 | H91: 364.25 | I91: 429.35 | J91: 793.6 | K91: =TRUNC(H91*(1+$K$2),4) -> 439.6861 | L91: =TRUNC(I91*(1+$K$2),4) -> 518.2683 | M91: =L91+K91 -> 957.9544 | N91: =ROUND(K91*F91,4) -> 1319.0583 | O91: =ROUND(L91*F91,4) -> 1554.8049 | P91: =IFERROR(IF(M91*F91<>0,ROUND(ROUND(M91,4)*ROUND(F91,4),4),""),"") -> 2873.8632 | Q91: 0.0020857783
A92: 7.1.1.4 | B92: COMP_21 | C92: Próprio | D92: ALA DE SAÍDA EM CONCRETO ARMADO P/ TUBO DE 300MM | E92: UN | F92: 1 | G92: 7282.52 | H92: 1542.58 | I92: 5739.94 | J92: 7282.52 | K92: =TRUNC(H92*(1+$K$2),4) -> 1862.0483 | L92: =TRUNC(I92*(1+$K$2),4) -> 6928.6815 | M92: =L92+K92 -> 8790.7298 | N92: =ROUND(K92*F92,4) -> 1862.0483 | O92: =ROUND(L92*F92,4) -> 6928.6815 | P92: =IFERROR(IF(M92*F92<>0,ROUND(ROUND(M92,4)*ROUND(F92,4),4),""),"") -> 8790.7298 | Q92: 0.0063800918
A93: 7.1.2 | D93: CALHA METÁLICA | P93: =ROUND(P94+P95,2) -> 16677.12 | Q93: 0.01210384
A94: 7.1.2.1 | B94: 94228 | C94: SINAPI | D94: CALHA EM CHAPA DE AÇO GALVANIZADO NÚMERO 24, DESENVOLVIMENTO DE 50 CM, INCLUSO TRANSPORTE VERTICAL. AF_07/2019 | E94: M | F94: 132.6 | G94: 98.99 | H94: 13.33 | I94: 85.66 | J94: 98.99 | K94: =TRUNC(H94*(1+$K$2),4) -> 16.0906 | L94: =TRUNC(I94*(1+$K$2),4) -> 103.4001 | M94: =L94+K94 -> 119.4907 | N94: =ROUND(K94*F94,4) -> 2133.6136 | O94: =ROUND(L94*F94,4) -> 13710.853 | P94: =IFERROR(IF(M94*F94<>0,ROUND(ROUND(M94,4)*ROUND(F94,4),4),""),"") -> 15844.467 | Q94: 0.011499526
A95: 7.1.2.2 | B95: 94229 | C95: SINAPI | D95: CALHA EM CHAPA DE AÇO GALVANIZADO NÚMERO 24, DESENVOLVIMENTO DE 100 CM, INCLUSO TRANSPORTE VERTICAL. AF_07/2019 | E95: M | F95: 3.6 | G95: 191.61 | H95: 23.53 | I95: 168.08 | J95: 191.61 | K95: =TRUNC(H95*(1+$K$2),4) -> 28.403 | L95: =TRUNC(I95*(1+$K$2),4) -> 202.8893 | M95: =L95+K95 -> 231.2923 | N95: =ROUND(K95*F95,4) -> 102.2508 | O95: =ROUND(L95*F95,4) -> 730.4015 | P95: =IFERROR(IF(M95*F95<>0,ROUND(ROUND(M95,4)*ROUND(F95,4),4),""),"") -> 832.6523 | Q95: 0.00060431327
A96: 7.1.3 | D96: PVC DRENAGEM | P96: =ROUND(P97+P98+P99,2) -> 18912.24 | Q96: 0.013726056
A97: 7.1.3.1 | B97: COMP_22 | C97: Próprio | D97: TUBO PVC CORRUGADO PERFURADO P/ DRENAGEM 150MM | E97: M | F97: 77.2 | G97: 65.33 | H97: 0.5 | I97: 64.83 | J97: 65.33 | K97: =TRUNC(H97*(1+$K$2),4) -> 0.6035 | L97: =TRUNC(I97*(1+$K$2),4) -> 78.2562 | M97: =L97+K97 -> 78.8597 | N97: =ROUND(K97*F97,4) -> 46.5902 | O97: =ROUND(L97*F97,4) -> 6041.3786 | P97: =IFERROR(IF(M97*F97<>0,ROUND(ROUND(M97,4)*ROUND(F97,4),4),""),"") -> 6087.9688 | Q97: 0.0044184982
A98: 7.1.3.2 | B98: COMP_23 | C98: Próprio | D98: EXECUÇÃO DE DRENO, EXCLUINDO TUBO | E98: M | F98: 234.3 | G98: 36.52 | H98: 13.37 | I98: 23.15 | J98: 36.52 | K98: =TRUNC(H98*(1+$K$2),4) -> 16.1389 | L98: =TRUNC(I98*(1+$K$2),4) -> 27.9443 | M98: =L98+K98 -> 44.0832 | N98: =ROUND(K98*F98,4) -> 3781.3443 | O98: =ROUND(L98*F98,4) -> 6547.3495 | P98: =IFERROR(IF(M98*F98<>0,ROUND(ROUND(M98,4)*ROUND(F98,4),4),""),"") -> 10328.694 | Q98: 0.0074963178
A99: 7.1.3.3 | B99: 102704 | C99: SINAPI | D99: TUBO DE PEAD CORRUGADO PERFURADO, DN 100 MM, PARA DRENO - FORNECIMENTO E ASSENTAMENTO. AF_07/2021 | E99: M | F99: 157.1 | G99: 13.16 | H99: 0.35 | I99: 12.81 | J99: 13.16 | K99: =TRUNC(H99*(1+$K$2),4) -> 0.4224 | L99: =TRUNC(I99*(1+$K$2),4) -> 15.4629 | M99: =L99+K99 -> 15.8853 | N99: =ROUND(K99*F99,4) -> 66.359 | O99: =ROUND(L99*F99,4) -> 2429.2216 | P99: =IFERROR(IF(M99*F99<>0,ROUND(ROUND(M99,4)*ROUND(F99,4),4),""),"") -> 2495.5806 | Q99: 0.0018112402
A100: 7.1.4 | D100: PVC ESGOTO | P100: =ROUND(SUM(P101:P113),2)-0.01 -> 42668.32 | Q100: 0.030967606
...

Sheet CPUs
C1: Composições Analíticas com Preço Unitário | E1: Bancos
C2: ESPAÇO PARA FEIRAS | E2: SINAPI - 08/2024 - RS EMOP - 08/2024 - RJ
A3: Composições
A5: 1.1.1 | B5: Código | C5: Banco | D5: Descrição | E5: Tipo | G5: Und | H5: Quant. | I5: Valor Unit | J5: Total
A6: Composição | B6: COMP_1 | C6: Próprio | D6: PLACA DE OBRA EM CHAPA DE AÇO GALVANIZADO | E6: SERP - SERVIÇOS PRELIMINARES | G6: m² | H6: 1 | I6: 511.79 | J6: 511.79
A7: Composição Auxiliar | B7: 94962 | C7: SINAPI | D7: CONCRETO MAGRO PARA LASTRO, TRAÇO 1:4,5:4,5 (EM MASSA SECA DE CIMENTO/ AREIA MÉDIA/ BRITA 1) - PREPARO MECÂNICO COM BETONEIRA 400 L. AF_05/2021 | E7: FUES - FUNDAÇÕES E ESTRUTURAS | G7: m³ | H7: 0.01 | I7: 420.91 | J7: 4.2
A8: Composição Auxiliar | B8: 88316 | C8: SINAPI | D8: SERVENTE COM ENCARGOS COMPLEMENTARES | E8: SEDI - SERVIÇOS DIVERSOS | G8: H | H8: 2 | I8: 23.08 | J8: 46.16
A9: Composição Auxiliar | B9: 88262 | C9: SINAPI | D9: CARPINTEIRO DE FORMAS COM ENCARGOS COMPLEMENTARES | E9: SEDI - SERVIÇOS DIVERSOS | G9: H | H9: 1 | I9: 27.55 | J9: 27.55
A10: Insumo | B10: 00004491 | C10: SINAPI | D10: PONTALETE *7,5 X 7,5* CM EM PINUS, MISTA OU EQUIVALENTE DA REGIAO - BRUTA | E10: Material | G10: M | H10: 4 | I10: 6.99 | J10: 27.96
A11: Insumo | B11: 00004813 | C11: SINAPI | D11: PLACA DE OBRA (PARA CONSTRUCAO CIVIL) EM CHAPA GALVANIZADA *N. 22*, ADESIVADA, DE *2,4 X 1,2* M (SEM POSTES PARA FIXACAO) | E11: Material | G11: m² | H11: 1 | I11: 400 | J11: 400
A12: Insumo | B12: 00004417 | C12: SINAPI | D12: SARRAFO NAO APARELHADO *2,5 X 7* CM, EM MACARANDUBA/MASSARANDUBA, ANGELIM, PEROBA-ROSA OU EQUIVALENTE DA REGIAO - BRUTA | E12: Material | G12: M | H12: 1 | I12: 4.32 | J12: 4.32
A13: Insumo | B13: 00005075 | C13: SINAPI | D13: PREGO DE ACO POLIDO COM CABECA 18 X 30 (2 3/4 X 10) | E13: Material | G13: KG | H13: 0.11 | I13: 14.59 | J13: 1.6
I14: MO | J14: 57.38
I15: TOTAL | J15: 511.79
A17: 1.1.3 | B17: Código | C17: Banco | D17: Descrição | E17: Tipo | G17: Und | H17: Quant. | I17: Valor Unit | J17: Total
A18: Composição | B18: COMP_2 | C18: Próprio | D18: INSTALAÇÃO PROVISÓRIA AGUA-RESERVAT.C/REDE ALIMENTAÇÃO | E18: INES - INSTALAÇÕES ESPECIAIS | G18: UN | H18: 1 | I18: 1627.81 | J18: 1627.81
A19: Composição Auxiliar | B19: 88267 | C19: SINAPI | D19: ENCANADOR OU BOMBEIRO HIDRÁULICO COM ENCARGOS COMPLEMENTARES | E19: SEDI - SERVIÇOS DIVERSOS | G19: H | H19: 8 | I19: 29.16 | J19: 233.28
A20: Composição Auxiliar | B20: 88248 | C20: SINAPI | D20: AUXILIAR DE ENCANADOR OU BOMBEIRO HIDRÁULICO COM ENCARGOS COMPLEMENTARES | E20: SEDI - SERVIÇOS DIVERSOS | G20: H | H20: 8 | I20: 23.75 | J20: 190
A21: Insumo | B21: 00009875 | C21: SINAPI | D21: TUBO PVC, SOLDAVEL, DE 50 MM, AGUA FRIA (NBR-5648) | E21: Material | G21: M | H21: 8 | I21: 16.17 | J21: 129.36
A22: Insumo | B22: 00011767 | C22: SINAPI | D22: TORNEIRA DE BOIA CONVENCIONAL PARA CAIXA D'AGUA, 2", AGUA FRIA, COM HASTE E TORNEIRA METALICOS E BALAO PLASTICO | E22: Material | G22: UN | H22: 1 | I22: 320.81 | J22: 320.81
A23: Insumo | B23: 00003540 | C23: SINAPI | D23: JOELHO PVC, SOLDAVEL, 90 GRAUS, 50 MM, COR MARROM, PARA AGUA FRIA PREDIAL | E23: Material | G23: UN | H23: 2 | I23: 5.23 | J23: 10.46
A24: Insumo | B24: 00034637 | C24: SINAPI | D24: CAIXA D'AGUA / RESERVATORIO EM POLIETILENO, 500 LITROS, COM TAMPA | E24: Material | G24: UN | H24: 1 | I24: 290.22 | J24: 290.22
A25: Insumo | B25: 00000112 | C25: SINAPI | D25: ADAPTADOR PVC SOLDAVEL CURTO COM BOLSA E ROSCA, 50 MM X1 1/2", PARA AGUA FRIA | E25: Material | G25: UN | H25: 2 | I25: 4.67 | J25: 9.34
A26: Insumo | B26: 00000082 | C26: SINAPI | D26: ADAPTADOR PVC, SOLDAVEL, LONGO, COM FLANGE LIVRE, 75 MM X 2 1/2", PARA CAIXA D'AGUA | E26: Material | G26: UN | H26: 2 | I26: 212.82 | J26: 425.64
A27: Insumo | B27: 00000119 | C27: SINAPI | D27: ADESIVO PLASTICO PARA PVC, BISNAGA COM 75 GR | E27: Material | G27: UN | H27: 2 | I27: 9.35 | J27: 18.7
I28: MO | J28: 340.72
I29: TOTAL | J29: 1627.81
A31: 3.2.9 | B31: Código | C31: Banco | D31: Descrição | E31: Tipo | G31: Und | H31: Quant. | I31: Valor Unit | J31: Total
A32: Composição | B32: COMP_3 | C32: Próprio | D32: CONCRETAGEM DE BLOCOS DE COROAMENTO E VIGAS BALDRAMES, FCK 25 MPA, COM USO DE BOMBA  LANÇAMENTO, ADENSAMENTO E ACABAMENTO | E32: FUES - FUNDAÇÕES E ESTRUTURAS | G32: m³ | H32: 1 | I32: 673.54 | J32: 673.54
A33: Composição Auxiliar | B33: 90587 | C33: SINAPI | D33: VIBRADOR DE IMERSÃO, DIÂMETRO DE PONTEIRA 45MM, MOTOR ELÉTRICO TRIFÁSICO POTÊNCIA DE 2 CV - CHI DIURNO. AF_06/2015 | E33: CHOR - CUSTOS HORÁRIOS DE MÁQUINAS E EQUIPAMENTOS | G33: CHI | H33: 0.093 | I33: 0.49 | J33: 0.04
A34: Composição Auxiliar | B34: 90586 | C34: SINAPI | D34: VIBRADOR DE IMERSÃO, DIÂMETRO DE PONTEIRA 45MM, MOTOR ELÉTRICO TRIFÁSICO POTÊNCIA DE 2 CV - CHP DIURNO. AF_06/2015 | E34: CHOR - CUSTOS HORÁRIOS DE MÁQUINAS E EQUIPAMENTOS | G34: CHP | H34: 0.088 | I34: 1.25 | J34: 0.11
A35: Composição Auxiliar | B35: 88316 | C35: SINAPI | D35: SERVENTE COM ENCARGOS COMPLEMENTARES | E35: SEDI - SERVIÇOS DIVERSOS | G35: H | H35: 0.544 | I35: 23.08 | J35: 12.55
A36: Composição Auxiliar | B36: 88309 | C36: SINAPI | D36: PEDREIRO COM ENCARGOS COMPLEMENTARES | E36: SEDI - SERVIÇOS DIVERSOS | G36: H | H36: 0.363 | I36: 27.93 | J36: 10.13
A37: Insumo | B37: 00001527 | C37: SINAPI | D37: CONCRETO USINADO BOMBEAVEL, CLASSE DE RESISTENCIA C25, BRITA 0 E 1, SLUMP = 100 +/- 20 MM, COM BOMBEAMENTO (DISPONIBILIZACAO DE BOMBA), SEM O LANCAMENTO (NBR 8953) | E37: Material | G37: M³ | H37: 1.15 | I37: 565.84 | J37: 650.71
I38: MO | J38: 17.44
I39: TOTAL | J39: 673.54
A41: 4.1.1 | B41: Código | C41: Banco | D41: Descrição | E41: Tipo | G41: Und | H41: Quant. | I41: Valor Unit | J41: Total
A42: Composição | B42: COMP_4 | C42: Próprio | D42: ESTRUTURA METÁLICA DE COBERTURA | E42: COBE - COBERTURA | G42: KG | H42: 1 | I42: 16.82 | J42: 16.82
A43: Composição Auxiliar | B43: 100716 | C43: SINAPI | D43: JATEAMENTO ABRASIVO COM GRANALHA DE AÇO EM PERFIL METÁLICO EM FÁBRICA. AF_01/2020 | E43: PINT - PINTURAS | G43: m² | H43: 0.023 | I43: 27.77 | J43: 0.63
A44: Composição Auxiliar | B44: 93288 | C44: SINAPI | D44: GUINDASTE HIDRÁULICO AUTOPROPELIDO, COM LANÇA TELESCÓPICA 40 M, CAPACIDADE MÁXIMA 60 T, POTÊNCIA 260 KW - CHI DIURNO. AF_03/2016 | E44: CHOR - CUSTOS HORÁRIOS DE MÁQUINAS E EQUIPAMENTOS | G44: CHI | H44: 0.001 | I44: 198.49 | J44: 0.19
A45: Composição Auxiliar | B45: 100766 | C45: SINAPI | D45: PILAR METÁLICO PERFIL LAMINADO OU SOLDADO EM AÇO ESTRUTURAL, COM CONEXÕES SOLDADAS, INCLUSOS MÃO DE OBRA, TRANSPORTE E IÇAMENTO UTILIZANDO GUINDASTE - FORNECIMENTO E INSTALAÇÃO. AF_01/2020_PA | E45: FUES - FUNDAÇÕES E ESTRUTURAS | G45: KG | H45: 0.263 | I45: 19.12 | J45: 5.02
A46: Composição Auxiliar | B46: 88278 | C46: SINAPI | D46: MONTADOR DE ESTRUTURA METÁLICA COM ENCARGOS COMPLEMENTARES | E46: SEDI - SERVIÇOS DIVERSOS | G46: H | H46: 0.005 | I46: 32.04 | J46: 0.16
A47: Composição Auxiliar | B47: 88317 | C47: SINAPI | D47: SOLDADOR COM ENCARGOS COMPLEMENTARES | E47: SEDI - SERVIÇOS DIVERSOS | G47: H | H47: 0.028 | I47: 32.34 | J47: 0.9
A48: Composição Auxiliar | B48: 88240 | C48: SINAPI | D48: AJUDANTE DE ESTRUTURA METÁLICA COM ENCARGOS COMPLEMENTARES | E48: SEDI - SERVIÇOS DIVERSOS | G48: H | H48: 0.001 | I48: 23.12 | J48: 0.02
A49: Composição Auxiliar | B49: 93287 | C49: SINAPI | D49: GUINDASTE HIDRÁULICO AUTOPROPELIDO, COM LANÇA TELESCÓPICA 40 M, CAPACIDADE MÁXIMA 60 T, POTÊNCIA 260 KW - CHP DIURNO. AF_03/2016 | E49: CHOR - CUSTOS HORÁRIOS DE MÁQUINAS E EQUIPAMENTOS | G49: CHP | H49: 0.002 | I49: 366.52 | J49: 0.73
A50: Composição Auxiliar | B50: 100719 | C50: SINAPI | D50: PINTURA COM TINTA ALQUÍDICA DE FUNDO (TIPO ZARCÃO) PULVERIZADA SOBRE PERFIL METÁLICO EXECUTADO EM FÁBRICA (POR DEMÃO). AF_01/2020_PE | E50: PINT - PINTURAS | G50: m² | H50: 0.023 | I50: 11.26 | J50: 0.25
A51: Insumo | B51: 00040535 | C51: SINAPI | D51: PERFIL "U" SIMPLES, EM CHAPA DOBRADA DE ACO LAMINADO, E = 2,65 MM, H = 75 MM, L = 40 MM (3,04 KG/M) | E51: Material | G51: KG | H51: 0.044 | I51: 12.42 | J51: 0.54
A52: Insumo | B52: 00001333 | C52: SINAPI | D52: CHAPA DE ACO GROSSA, ASTM A36, E = 1/2" (12,70 MM) 99,59 KG/M2 | E52: Material | G52: KG | H52: 0.058 | I52: 9.86 | J52: 0.57
A53: Insumo | B53: 00000034 | C53: SINAPI | D53: ACO CA-50, 10,0 MM, VERGALHAO | E53: Material | G53: KG | H53: 0.037 | I53: 8.59 | J53: 0.31
... A61: Insumo | B61: 00001333 | C61: SINAPI | D61: CHAPA DE ACO GROSSA, ASTM A36, E = 1/2" (12,70 MM) 99,59 KG/M2 | E61: Material | G61: KG | H61: 0.001 | I61: 9.86 | J61: 0
I62: MO | J62: 1.39
I63: TOTAL | J63: 16.82
A65: 4.1.2 | B65: Código | C65: Banco | D65: Descrição | E65: Tipo | G65: Und | H65: Quant. | I65: Valor Unit | J65: Total
A66: Composição | B66: COMP_5 | C66: Próprio | D66: PILAR EM TUBO METALON 20X20CM H=3,5M | E66: FUES - FUNDAÇÕES E ESTRUTURAS | G66: UN | H66: 1 | I66: 236.35 | J66: 236.35
A67: Composição Auxiliar | B67: 88317 | C67: SINAPI | D67: SOLDADOR COM ENCARGOS COMPLEMENTARES | E67: SEDI - SERVIÇOS DIVERSOS | G67: H | H67: 0.123 | I67: 32.34 | J67: 3.97
A68: Composição Auxiliar | B68: 88278 | C68: SINAPI | D68: MONTADOR DE ESTRUTURA METÁLICA COM ENCARGOS COMPLEMENTARES | E68: SEDI - SERVIÇOS DIVERSOS | G68: H | H68: 0.022 | I68: 32.04 | J68: 0.7
A69: Composição Auxiliar | B69: 100762 | C69: SINAPI | D69: PINTURA COM TINTA ALQUÍDICA DE ACABAMENTO (ESMALTE SINTÉTICO FOSCO) APLICADA A ROLO OU PINCEL SOBRE SUPERFÍCIES METÁLICAS (EXCETO PERFIL) EXECUTADO EM OBRA (02 DEMÃOS). AF_01/2020 | E69: PINT - PINTURAS | G69: m² | H69: 2.8 | I69: 50.54 | J69: 141.51
A70: Composição Auxiliar | B70: 100719 | C70: SINAPI | D70: PINTURA COM TINTA ALQUÍDICA DE FUNDO (TIPO ZARCÃO) PULVERIZADA SOBRE PERFIL METÁLICO EXECUTADO EM FÁBRICA (POR DEMÃO). AF_01/2020_PE | E70: PINT - PINTURAS | G70: m² | H70: 2.8 | I70: 11.26 | J70: 31.52
A71: Composição Auxiliar | B71: 88240 | C71: SINAPI | D71: AJUDANTE DE ESTRUTURA METÁLICA COM ENCARGOS COMPLEMENTARES | E71: SEDI - SERVIÇOS DIVERSOS | G71: H | H71: 0.006 | I71: 23.12 | J71: 0.13
A72: Composição Auxiliar | B72: 91635 | C72: SINAPI | D72: GUINDAUTO HIDRÁULICO, CAPACIDADE MÁXIMA DE CARGA 6500 KG, MOMENTO MÁXIMO DE CARGA 5,8 TM, ALCANCE MÁXIMO HORIZONTAL 7,60 M, INCLUSIVE CAMINHÃO TOCO PBT 9.700 KG, POTÊNCIA DE 160 CV - CHI DIURNO. AF_08/2015 | E72: CHOR - CUSTOS HORÁRIOS DE MÁQUINAS E EQUIPAMENTOS | G72: CHI | H72: 0.006 | I72: 66.72 | J72: 0.4
A73: Composição Auxiliar | B73: 91634 | C73: SINAPI | D73: GUINDAUTO HIDRÁULICO, CAPACIDADE MÁXIMA DE CARGA 6500 KG, MOMENTO MÁXIMO DE CARGA 5,8 TM, ALCANCE MÁXIMO HORIZONTAL 7,60 M, INCLUSIVE CAMINHÃO TOCO PBT 9.700 KG, POTÊNCIA DE 160 CV - CHP DIURNO. AF_08/2015 | E73: CHOR - CUSTOS HORÁRIOS DE MÁQUINAS E EQUIPAMENTOS | G73: CHP | H73: 0.007 | I73: 239.61 | J73: 1.67
A74: Insumo | B74: 00001333 | C74: SINAPI | D74: CHAPA DE ACO GROSSA, ASTM A36, E = 1/2" (12,70 MM) 99,59 KG/M2 | E74: Material | G74: KG | H74: 0.24 | I74: 9.86 | J74: 2.36
A75: Insumo | B75: 00043665 | C75: SINAPI | D75: PERFIL "U" SIMPLES, EM CHAPA DOBRADA DE ACO LAMINADO, E = 4,75 MM, H = 100 MM, L = 75 MM (8,74 KG/M) | E75: Material | G75: KG | H75: 4.358 | I75: 12.32 | J75: 53.69
A76: Insumo | B76: 00010997 | C76: SINAPI | D76: ELETRODO REVESTIDO AWS - E7018, DIAMETRO IGUAL A 4,00 MM | E76: Material | G76: KG | H76: 0.007 | I76: 57.48 | J76: 0.4
I77: MO | J77: 91.3
I78: TOTAL | J78: 236.35
A80: 4.1.3 | B80: Código | C80: Banco | D80: Descrição | E80: Tipo | G80: Und | H80: Quant. | I80: Valor Unit | J80: Total
A81: Composição | B81: COMP_6 | C81: Próprio | D81: PILAR EM TUBO METALON 20X20CM H=2,80M (APOIADO NA FLOREIRA) | E81: FUES - FUNDAÇÕES E ESTRUTURAS | G81: UN | H81: 1 | I81: 186.73 | J81: 186.73
A82: Composição Auxiliar | B82: 100719 | C82: SINAPI | D82: PINTURA COM TINTA ALQUÍDICA DE FUNDO (TIPO ZARCÃO) PULVERIZADA SOBRE PERFIL METÁLICO EXECUTADO EM FÁBRICA (POR DEMÃO). AF_01/2020_PE | E82: PINT - PINTURAS | G82: m² | H82: 2.24 | I82: 11.26 | J82: 25.22
A83: Composição Auxiliar | B83: 100762 | C83: SINAPI | D83: PINTURA COM TINTA ALQUÍDICA DE ACABAMENTO (ESMALTE SINTÉTICO FOSCO) APLICADA A ROLO OU PINCEL SOBRE SUPERFÍCIES METÁLICAS (EXCETO PERFIL) EXECUTADO EM OBRA (02 DEMÃOS). AF_01/2020 | E83: PINT - PINTURAS | G83: m² | H83: 2.24 | I83: 50.54 | J83: 113.2
A84: Composição Auxiliar | B84: 88278 | C84: SINAPI | D84: MONTADOR DE ESTRUTURA METÁLICA COM ENCARGOS COMPLEMENTARES | E84: SEDI - SERVIÇOS DIVERSOS | G84: H | H84: 0.017 | I84: 32.04 | J84: 0.54
A85: Composição Auxiliar | B85: 88240 | C85: SINAPI | D85: AJUDANTE DE ESTRUTURA METÁLICA COM ENCARGOS COMPLEMENTARES | E85: SEDI - SERVIÇOS DIVERSOS | G85: H | H85: 0.005 | I85: 23.12 | J85: 0.11
A86: Composição Auxiliar | B86: 91635 | C86: SINAPI | D86: GUINDAUTO HIDRÁULICO, CAPACIDADE MÁXIMA DE CARGA 6500 KG, MOMENTO MÁXIMO DE CARGA 5,8 TM, ALCANCE MÁXIMO HORIZONTAL 7,60 M, INCLUSIVE CAMINHÃO TOCO PBT 9.700 KG, POTÊNCIA DE 160 CV - CHI DIURNO. AF_08/2015 | E86: CHOR - CUSTOS HORÁRIOS DE MÁQUINAS E EQUIPAMENTOS | G86: CHI | H86: 0.005 | I86: 66.72 | J86: 0.33
A87: Composição Auxiliar | B87: 91634 | C87: SINAPI | D87: GUINDAUTO HIDRÁULICO, CAPACIDADE MÁXIMA DE CARGA 6500 KG, MOMENTO MÁXIMO DE CARGA 5,8 TM, ALCANCE MÁXIMO HORIZONTAL 7,60 M, INCLUSIVE CAMINHÃO TOCO PBT 9.700 KG, POTÊNCIA DE 160 CV - CHP DIURNO. AF_08/2015 | E87: CHOR - CUSTOS HORÁRIOS DE MÁQUINAS E EQUIPAMENTOS | G87: CHP | H87: 0.005 | I87: 239.61 | J87: 1.19
A88: Composição Auxiliar | B88: 88317 | C88: SINAPI | D88: SOLDADOR COM ENCARGOS COMPLEMENTARES | E88: SEDI - SERVIÇOS DIVERSOS | G88: H | H88: 0.099 | I88: 32.34 | J88: 3.2
A89: Insumo | B89: 00043665 | C89: SINAPI | D89: PERFIL "U" SIMPLES, EM CHAPA DOBRADA DE ACO LAMINADO, E = 4,75 MM, H = 100 MM, L = 75 MM (8,74 KG/M) | E89: Material | G89: KG | H89: 3.486 | I89: 12.32 | J89: 42.94
I90: MO | J90: 73.01
I91: TOTAL | J91: 186.73
A93: 5.1.3 | B93: Código | C93: Banco | D93: Descrição | E93: Tipo | G93: Und | H93: Quant. | I93: Valor Unit | J93: Total
A94: Composição | B94: COMP_7 | C94: Próprio | D94: TABEIRA EM BASALTO LEVIGADO FOSCO, PINGADEIRA 2CM, L=38CM | E94: PISO - PISOS | G94: M | H94: 1 | I94: 69.16 | J94: 69.16
A95: Composição Auxiliar | B95: 88256 | C95: SINAPI | D95: AZULEJISTA OU LADRILHISTA COM ENCARGOS COMPLEMENTARES | E95: SEDI - SERVIÇOS DIVERSOS | G95: H | H95: 0.2 | I95: 27.77 | J95: 5.55
A96: Composição Auxiliar | B96: 88316 | C96: SINAPI | D96: SERVENTE COM ENCARGOS COMPLEMENTARES | E96: SEDI - SERVIÇOS DIVERSOS | G96: H | H96: 0.075 | I96: 23.08 | J96: 1.73
A97: Insumo | B97: 00037595 | C97: SINAPI | D97: ARGAMASSA COLANTE TIPO AC III | E97: Material | G97: KG | H97: 3.276 | I97: 2.49 | J97: 8.15
A98: Insumo | B98: 00010737 | C98: SINAPI | D98: PEDRA GRANITICA OU BASALTO, CACO, RETALHO, CAVACO, TIPO MIRACEMA, MADEIRA, PADUANA, RACHINHA, SANTA ISABEL OU OUTRAS SIMILARES, E= *1,0 A *2,0 CM | E98: Material | G98: M² | H98: 0.38 | I98: 141.41 | J98: 53.73
I99: MO | J99: 5.68
I100: TOTAL | J100: 69.16
A102: 5.1.4 | B102: Código | C102: Banco | D102: Descrição | E102: Tipo | G102: Und | H102: Quant. | I102: Valor Unit | J102: Total
A103: Composição | B103: COMP_8 | C103: Próprio | D103: TABEIRA EM BASALTO LEVIGADO FOSCO, PINGADEIRA 2CM, L=32,5CM | E103: PISO - PISOS | G103: M | H103: 1 | I103: 58.81 | J103: 58.81
A104: Composição Auxiliar | B104: 88256 | C104: SINAPI | D104: AZULEJISTA OU LADRILHISTA COM ENCARGOS COMPLEMENTARES | E104: SEDI - SERVIÇOS DIVERSOS | G104: H | H104: 0.15 | I104: 27.77 | J104: 4.16
A105: Composição Auxiliar | B105: 88316 | C105: SINAPI | D105: SERVENTE COM ENCARGOS COMPLEMENTARES | E105: SEDI - SERVIÇOS DIVERSOS | G105: H | H105: 0.075 | I105: 23.08 | J105: 1.73
A106: Insumo | B106: 00037595 | C106: SINAPI | D106: ARGAMASSA COLANTE TIPO AC III | E106: Material | G106: KG | H106: 2.802 | I106: 2.49 | J106: 6.97
A107: Insumo | B107: 00010737 | C107: SINAPI | D107: PEDRA GRANITICA OU BASALTO, CACO, RETALHO, CAVACO, TIPO MIRACEMA, MADEIRA, PADUANA, RACHINHA, SANTA ISABEL OU OUTRAS SIMILARES, E= *1,0 A *2,0 CM | E107: Material | G107: M² | H107: 0.325 | I107: 141.41 | J107: 45.95
I108: MO | J108: 4.58
I109: TOTAL | J109: 58.81
A111: 5.1.5 | B111: Código | C111: Banco | D111: Descrição | E111: Tipo | G111: Und | H111: Quant. | I111: Valor Unit | J111: Total
A112: Composição | B112: COMP_9 | C112: Próprio | D112: RAMPA DE ACESSO EM CONCRETO ARMADO | E112: PISO - PISOS | G112: m³ | H112: 1 | I112: 1317.81 | J112: 1317.81
A113: Composição Auxiliar | B113: 97092 | C113: SINAPI | D113: ARMAÇÃO PARA EXECUÇÃO DE RADIER, PISO DE CONCRETO OU LAJE SOBRE SOLO, COM USO DE TELA Q-196. AF_09/2021 | E113: FUES - FUNDAÇÕES E ESTRUTURAS | G113: KG | H113: 18.66 | I113: 13.71 | J113: 255.82
A114: Composição Auxiliar | B114: 100324 | C114: SINAPI | D114: LASTRO COM MATERIAL GRANULAR (PEDRA BRITADA N.1 E PEDRA BRITADA N.2), APLICADO EM PISOS OU LAJES SOBRE SOLO, ESPESSURA DE *10 CM*. AF_01/2024 | E114: FUES - FUNDAÇÕES E ESTRUTURAS | G114: m³ | H114: 0.6 | I114: 160.69 | J114: 96.41
A115: Composição Auxiliar | B115: 94965 | C115: SINAPI | D115: CONCRETO FCK = 25MPA, TRAÇO 1:2,3:2,7 (EM MASSA SECA DE CIMENTO/ AREIA MÉDIA/ BRITA 1) - PREPARO MECÂNICO COM BETONEIRA 400 L. AF_05/2021 | E115: FUES - FUNDAÇÕES E ESTRUTURAS | G115: m³ | H115: 1.1 | I115: 541.76 | J115: 595.93
A116: Composição Auxiliar | B116: 97086 | C116: SINAPI | D116: FABRICAÇÃO, MONTAGEM E DESMONTAGEM DE FORMA PARA RADIER, PISO DE CONCRETO OU LAJE SOBRE SOLO, EM MADEIRA SERRADA, 4 UTILIZAÇÕES. AF_09/2021 | E116: FUES - FUNDAÇÕES E ESTRUTURAS | G116: m² | H116: 0.25 | I116: 120.55 | J116: 30.13
...

Sheet CRONOGRAMA
B1: =[1]ORÇAMENTO!$D$1 -> Obra
B2: ='Orçamento Sintético'!D2 -> ESPAÇO PARA FEIRAS E FOOD TRUCKS
A5: =[1]ORÇAMENTO!A5 -> Item | B5: =[1]ORÇAMENTO!D5 -> Descrição | C5: Valor | D5: MÊS 01 | F5: MÊS 02 | H5: MÊS 03
D6: % | E6: R$ | F6: % | G6: R$ | H6: % | I6: R$
A7: ='Orçamento Sintético'!A6 -> 1 | B7: ='Orçamento Sintético'!D6 -> SERVIÇOS INICIAIS | C7: ='Orçamento Sintético'!P6 -> 7439.57 | D7: 0.6666 | E7: =C7*D7 -> 4959.2174 | F7: 0.1667 | G7: =C7*F7 -> 1240.1763 | H7: 0.1667 | I7: =C7*H7 -> 1240.1763
A8: ='Orçamento Sintético'!A11 -> 2 | B8: ='Orçamento Sintético'!D11 -> ADMINISTRAÇÃO DA OBRA | C8: ='Orçamento Sintético'!P11 -> 61621.33 | D8: 0.3333 | E8: =C8*D8 -> 20538.389 | F8: 0.3333 | G8: =F8*C8 -> 20538.389 | H8: 0.3334 | I8: =H8*C8 -> 20544.551
A9: ='Orçamento Sintético'!A14 -> 3 | B9: ='Orçamento Sintético'!D14 -> INFRAESTRUTURA | C9: ='Orçamento Sintético'!P14 -> 146579.12 | D9: 1 | E9: =C9 -> 146579.12
A10: ='Orçamento Sintético'!A28 -> 4 | B10: ='Orçamento Sintético'!D28 -> SUPRAESTRUTURA | C10: ='Orçamento Sintético'!P28 -> 239298.54 | F10: 0.6 | G10: =F10*C10 -> 143579.12 | H10: 0.4 | I10: =H10*C10 -> 95719.416
A11: ='Orçamento Sintético'!A33 -> 5 | B11: ='Orçamento Sintético'!D33 -> ARQUITETÔNICO | C11: ='Orçamento Sintético'!P33 -> 696485.02 | D11: 0.1 | E11: =D11*C11 -> 69648.502 | F11: 0.5 | G11: =F11*C11 -> 348242.51 | H11: 0.4 | I11: =H11*C11 -> 278594.01
A12: ='Orçamento Sintético'!A52 -> 6 | B12: ='Orçamento Sintético'!D52 -> INSTALAÇÕES ELÉTRICAS | C12: ='Orçamento Sintético'!P52 -> 97125.63 | D12: 0.15 | E12: =D12*C12 -> 14568.845 | F12: 0.6 | G12: =F12*C12 -> 58275.378 | H12: 0.25 | I12: =H12*C12 -> 24281.408
A13: ='Orçamento Sintético'!A86 -> 7 | B13: ='Orçamento Sintético'!D86 -> INSTALAÇÕES HIDROSSANITÁRIAS | C13: ='Orçamento Sintético'!P86 -> 123697.19 | D13: 0.15 | E13: =D13*C13 -> 18554.578 | F13: 0.6 | G13: =F13*C13 -> 74218.314 | H13: 0.25 | I13: =H13*C13 -> 30924.298
A14: ='Orçamento Sintético'!A133 -> 8 | B14: ='Orçamento Sintético'!D133 -> PPCI | C14: ='Orçamento Sintético'!P133 -> 5588.68 | H14: 1 | I14: =H14*C14 -> 5588.68
A15: VALOR TOTAL MENSAL | C15: ='Orçamento Sintético'!P149 -> 1377835.1 | D15: =E15/C15 -> 0.19947863 | E15: =TRUNC(SUM(E7:E14),2) -> 274848.65 | F15: =G15/C15 -> 0.46891961 | G15: =ROUND(SUM(G7:G14),2) -> 646093.89 | H15: =I15/C15 -> 0.33160176 | I15: =ROUND(SUM(I7:I14),2) -> 456892.54
A16: VALOR TOTAL ACUMULADO | C16: ='Orçamento Sintético'!P149 -> 1377835.1 | D16: =D15 -> 0.19947863 | E16: =E15 -> 274848.65 | F16: =G16/C16 -> 0.66839824 | G16: =G15+E16 -> 920942.54 | H16: =I16/C16 -> 1 | I16: =I15+G16 -> 1377835.1
B18: ='Orçamento Sintético'!D151 -> Montenegro, 23 de outubro de 2024.
B20: =[1]ORÇAMENTO!$A$21 -> _______________________________________________________________ Valéria Wollmann Arq. e Urb. - CAU A195685-0 Diretora de Acompanhamento de Ações de Governo
